[Event "Coimbra Queima Fitas Open 2024"]
[Site "Coimbra"]
[Date "2024.04.26"]
[Round "3.12"]
[White "Simoes, Miguel Caldeira"]
[Black "Ledas, Armandas"]
[Result "1-0"]
[ECO "B35"]
[WhiteElo "2084"]
[BlackElo "1851"]
[Annotator "TA"]
[PlyCount "79"]
[EventDate "2024.04.23"]
[EventType "swiss"]
[EventCountry "POR"]
[SourceTitle "playchess.com"]
[Source "ChessBase"]
[SourceQuality "1"]
[TimeControl "5400+30"]

1. e4 c5 2. Nf3 Nc6 3. d4 cxd4 4. Nxd4 g6 5. Nc3 Bg7 6. Be3 Nf6 7. Bc4 O-O 8. Bb3 Re8 9. O-O d6 10. h3 a6 {[%emt 0:02:59] The position is equal.} 11. f4 Nd7 (11... e6 $11) 12. f5 $16 Nce5 13. fxg6 {[%emt 0:03:47] White is much more active.} hxg6 14. Nf3 Rf8 (14... e6 $1 $11 {keeps the balance.}) 15. Ng5 $1 {[%emt 0:02:40] Qe1 would now be deadly.} Nf6 $2 {[%emt 0:05:39] [#] A mistake that costs the game.} (15... Bf6 $16) 16. Qe1 $1 $18 Re8 17. Qh4 b5 18. Bd4 {[%emt 0:03:14] Bxe5 is the strong threat.} e6 19. Bxe5 dxe5 {[%emt 0:00:02] [#]} 20. Rxf6 $1 Qxf6 21. Rf1 {[%emt 0:00:07] Repels Qf4} Qe7 (21... Qxf1+ $142 22. Kxf1 Rd8) 22. Qh7+ Kf8 23. Qxg6 (23. Rxf7+ Qxf7 24. Nxf7 Kxf7 $18) 23... Ra7 24. Kh2 {[%emt 0:11:02][%cal Oc3e2] Hoping for Ne2!} (24. Rxf7+ Qxf7 25. Nxf7 Rxf7 $14) 24... Kg8 25. Rxf7 ({Not} 25. Nxf7 Rf8 $18) 25... Qxf7 26. Nxf7 Rxf7 27. Ne2 Kf8 28. Ng3 Rf6 29. Qg5 Kf7 (29... Rf2 $142 30. Nh5 Bh8 31. Qh6+ Ke7) 30. Nf5 Bf8 31. Qh5+ Rg6 32. Nh4 Bc5 33. Nxg6 {[%emt 0:00:24] White mates.} Rd8 34. Nxe5+ Ke7 35. Nc6+ Kd7 36. Qxc5 Rg8 37. Ne5+ Kd8 38. Qd6+ Ke8 39. Bxe6 Rxg2+ 40. Kxg2 {[%emt 0:00:06] Weighted Error Value: White=0.24 (precise) /Black=0.44.  Loses game:     	---       	Black=1      Mistake:       	---       	Black=4      Inaccurate:     	White=1     	Black=1      OK:         	White=9     	Black=2      Best:        	White=1     	Black=1      Strong:       	White=2     	---        Brilliant:      	White=1     	---} 1-0

[Event "Coimbra Queima Fitas Open 2024"]
[Site "Coimbra"]
[Date "2024.04.26"]
[Round "3.13"]
[White "Pintor, Simao Maciel Abranch"]
[Black "Pinto, Jose Joao Meireles A"]
[Result "1-0"]
[ECO "B33"]
[WhiteElo "2039"]
[BlackElo "1829"]
[Annotator "TA"]
[PlyCount "69"]
[EventDate "2024.04.23"]
[EventType "swiss"]
[EventCountry "POR"]
[SourceTitle "playchess.com"]
[Source "ChessBase"]
[SourceQuality "1"]
[TimeControl "5400+30"]

1. e4 c5 2. Nf3 Nc6 3. d4 cxd4 4. Nxd4 Nf6 5. Nc3 e5 6. Ndb5 d6 7. Bg5 a6 8. Na3 b5 9. Nab1 (9. Bxf6 $14 gxf6 10. Nd5) 9... Be7 $11 10. Bxf6 Bxf6 11. a4 bxa4 {[%emt 0:04:36] The position is equal.} 12. Rxa4 Bb7 13. Bc4 O-O 14. O-O Bg5 15. Qd3 a5 16. Nd5 {[%emt 0:00:06] Repels Nb4} Ne7 (16... Nd4 $14) 17. Nbc3 $16 {[%emt 0:03:00] White is more active. A dynamic duo of knights.} Rc8 18. Rd1 Rc5 19. g3 Bc6 20. Ra3 Qc8 21. Nxe7+ (21. h4 $16 Bxd5 22. Nxd5 (22. Bxd5 Bf6 $16) 22... Nxd5 (22... Rxc4 $2 23. Nb6 $18) 23. Bxd5) 21... Bxe7 $14 22. Bd5 Rd8 {[%emt 0:05:23] Black cannot hold the game after this.} (22... Bd7 $14) 23. Rda1 $18 Qb8 (23... Bd7 $142 24. Rxa5 Rxa5 25. Rxa5 Qb8) 24. Bxc6 (24. Rxa5 $6 Qxb2 25. R5a3 Be8 $16) 24... Rxc6 25. Rb3 ({Much less strong is} 25. Rxa5 $6 Qxb2 26. Nd5 Bf6 $18) 25... Qa7 26. Rb5 Qd4 27. Qf3 Rdc8 $2 {[%emt 0:02:44] [#]} (27... Rc5 28. Raxa5 (28. Rbxa5 Rxa5 29. Rxa5 Qd2 $18) 28... Rxb5 29. Rxb5 Bf6) 28. Raxa5 Qd2 (28... Bf6 $142 29. Rb7 Rf8) 29. Ra7 Bf6 30. Rbb7 Rxc3 $2 (30... Rf8 31. Kg2 Rcc8) 31. bxc3 h6 32. Rxf7 Rxc3 {[%emt 0:00:22] [#]} 33. Rxg7+ $3 {[%emt 0:00:12][%mdl 512] White mates.} Kh8 34. Rh7+ Kg8 35. Qg4+ {[%emt 0:00:21] Weighted Error Value: White=0.16 (very precise) /Black=0.90.  Mistake:       	White=1     	Black=6      Inaccurate:     	White=2     	Black=3      OK:         	White=10    	Black=3      Best:        	White=1     	---} 1-0

[Event "Coimbra Queima Fitas Open 2024"]
[Site "Coimbra"]
[Date "2024.04.26"]
[Round "3.14"]
[White "Pacetti Terra, Nicolas Marcelo"]
[Black "Paiva, Manuel Maria Fonseca"]
[Result "1-0"]
[ECO "D37"]
[WhiteElo "2019"]
[BlackElo "1807"]
[Annotator "TA"]
[PlyCount "59"]
[EventDate "2024.04.23"]
[EventType "swiss"]
[EventCountry "POR"]
[SourceTitle "playchess.com"]
[Source "ChessBase"]
[SourceQuality "1"]
[TimeControl "5400+30"]

1. d4 d5 2. c4 e6 3. Nc3 Nf6 4. Nf3 dxc4 5. e4 b5 6. e5 Nd5 7. Nxb5 Nb6 8. Be2 {[%emt 0:00:50] White is slightly better.} Nc6 9. O-O Be7 10. Qd2 O-O 11. Qf4 Bb7 12. Qg3 {[%emt 0:03:43] aiming for Bh6.} Kh8 $1 13. Be3 Nb4 14. Na3 ({White must play} 14. Nd2 $1 $11) 14... Bd5 ({Better is} 14... Ba6 $1 $15) 15. Nd2 $14 Nd3 {[%emt 0:20:19] [#]} 16. Naxc4 Nxc4 17. Bxd3 Nxb2 18. Bc2 Nc4 {[%emt 0:01:33] [#]} 19. Bh6 $1 gxh6 20. Qd3 $1 $40 {[%emt 0:00:08][%csl Gc2,LRc4,LRh7][%cal Rd3h7][%mdl 128] White is out for blood.} f5 21. exf6 (21. Nxc4 $6 Be4 22. Qc3 Bxc2 23. Qxc2 Qxd4 $11) 21... Rf7 {[%emt 0:00:01][%cal Od8g8] White must now prevent ...Qg8!} 22. fxe7 Qg8 23. g3 {[%emt 0:01:15] Chess con chili.} (23. Nxc4 $2 Qxg2#) 23... Nxd2 24. Qxd2 Qg4 {[%emt 0:01:52] [#]} (24... Qg5 $142 25. Qd3 Qxe7) 25. Bb3 $1 $16 (25. Qxh6 Qf3 26. e8=Q+ Rxe8) 25... Be4 (25... Qg5 $16 {is a better defense.} 26. f4 (26. Qxg5 hxg5 27. Rfe1 Bxb3 $16) 26... Qxe7 27. Bxd5 exd5) 26. Qe3 {[%emt 0:11:50] Hoping for f3.} (26. Qxh6 Qf3 27. e8=Q+ Rxe8) 26... Rg8 $2 (26... Qf3 27. Qxf3 (27. Bxe6 $2 Qh1#) 27... Bxf3) 27. f3 (27. Qxh6 $2 {gets mated.} Qf3 (27... Rxe7 $2 {loses.} 28. f3 $18) (27... Rxe7 $2 {perishes.} 28. f3 $18)) 27... Qh3 {[%emt 0:05:35][%cal Og8g3] ( -> ...Rxg3+!)} 28. fxe4 Rfg7 29. Rf8 Rxe7 30. Qf4 {[%emt 0:00:25] Weighted Error Value: White=0.23 (precise) /Black=0.72.  Mistake:       	White=1     	Black=4      Inaccurate:     	White=1     	Black=3      OK:         	White=5     	Black=5      Best:        	White=6     	Black=1      Strong:       	---       	Black=1      Brilliant:      	White=1     	---} 1-0

[Event "Coimbra Queima Fitas Open 2024"]
[Site "Coimbra"]
[Date "2024.04.26"]
[Round "3.15"]
[White "Lachever, Diogo Freire"]
[Black "Almeida, Joao Pedro Dias"]
[Result "0-1"]
[ECO "A40"]
[WhiteElo "1772"]
[BlackElo "2006"]
[Annotator "TA"]
[PlyCount "92"]
[EventDate "2024.04.23"]
[EventType "swiss"]
[EventCountry "POR"]
[SourceTitle "playchess.com"]
[Source "ChessBase"]
[SourceQuality "1"]
[TimeControl "5400+30"]

1. d4 Nf6 2. c4 e6 3. g3 Bb4+ 4. Nd2 O-O 5. Ngf3 d6 6. Bg2 Re8 7. a3 Bxd2+ 8. Bxd2 Ne4 {[%emt 0:01:11] The position is equal.} 9. O-O e5 10. dxe5 dxe5 11. Be3 {[%emt 0:03:10] aiming for Qxd8. This pair of bishops is nice.} Qe7 12. Qc2 Nd6 13. Bc5 Nd7 14. Bxd6 Qxd6 15. Ng5 Nf8 16. Bd5 Re7 17. Be4 Qh6 18. Nf3 c6 19. Rfd1 Bg4 20. c5 Bxf3 (20... Qh5 $15) 21. Bxf3 $14 Ne6 22. Rd6 Nd4 23. Qc1 (23. Qd3 $14 g6 24. Bg2) 23... Qxc1+ $11 (23... Qh3 {is interesting.} 24. Qg5 f6 25. Qe3 Nf5) 24. Rxc1 a5 25. Kg2 g6 26. e3 Ne6 27. h4 h5 28. a4 Rd8 29. Rcd1 (29. g4 $11) 29... Rxd6 $17 30. cxd6 {[%emt 0:00:07][%mdl 4096] Endgame. KRB-KRN} Rd7 31. g4 hxg4 32. Bxg4 f5 33. Bh3 e4 ({Black should play} 33... Kg7 $17 {Hoping for ...Kf6.} 34. h5 Kf6 (34... gxh5 35. Bxf5 Kf6 36. Bc2 $11) 35. hxg6 Kxg6) 34. f3 $11 Nc5 35. h5 $1 Nd3 36. fxe4 $1 (36. hxg6 Rxd6 37. Kf1 (37. Bxf5 Nf4+ 38. exf4 exf3+ 39. Kxf3 Rxd1 $17) 37... Rf6 $11) 36... Rxd6 {[%emt 0:00:08][%cal Od3f4] [#] Threatens to win with ...Nf4+!} 37. exf5 Nf4+ $1 38. exf4 Rxd1 39. fxg6 {[%emt 0:00:15] KR-KB} Kg7 {[%emt 0:00:05] And now ...Rd2+ would win.} 40. Be6 Rd2+ 41. Kf3 $2 (41. Kg3 $1 $11) 41... Rxb2 $19 {[%emt 0:00:09] [#] White must now prevent ...b5.} 42. f5 Rb4 (42... b5 $19 43. Bf7 Rh2 (43... bxa4 44. h6+ Kxh6 45. f6 $11) 44. h6+ Rxh6 (44... Kxh6 45. f6 $14) 45. axb5 cxb5) 43. Bf7 $2 (43. Kg3 $11) 43... Rh4 $1 ({Weaker is} 43... Rxa4 44. h6+ Kxh6 45. f6 $11) 44. Be8 Rxh5 ({Stronger than} 44... Rxa4 45. h6+ Kxh6 46. f6 $11) 45. f6+ Kxf6 46. g7 Rg5 {[%emt 0:00:05] Weighted Error Value: White=0.57/Black=0.32.  Loses game:     	White=2     	---        Missed win:     	---       	Black=1      Mistake:       	White=2     	Black=2      Inaccurate:     	White=3     	Black=2      OK:         	White=10    	Black=17     Best:        	White=2     	Black=2      Strong:       	White=2     	Black=2} 0-1

[Event "Coimbra Queima Fitas Open 2024"]
[Site "Coimbra"]
[Date "2024.04.26"]
[Round "3.16"]
[White "Gasimov, Eldar Emil Oglu"]
[Black "Costa, Rui Filipe Magalhaes"]
[Result "1-0"]
[ECO "D96"]
[WhiteElo "1752"]
[BlackElo "1994"]
[Annotator "TA"]
[PlyCount "69"]
[EventDate "2024.04.23"]
[EventType "swiss"]
[EventCountry "POR"]
[SourceTitle "playchess.com"]
[Source "ChessBase"]
[SourceQuality "1"]
[TimeControl "5400+30"]

1. d4 d5 2. Nf3 g6 3. c4 c6 4. Nc3 Nf6 5. g3 Bg7 6. Bg2 O-O 7. O-O Nbd7 8. cxd5 Nxd5 9. e4 Nxc3 10. bxc3 Qa5 11. Qb3 Nf6 (11... Nb6 $11) 12. e5 $16 Be6 13. Qxb7 ({White should play} 13. c4 $16 Nd7 14. Ng5 (14. Qxb7 Rab8 $14)) 13... Rab8 (13... Nd5 $14 14. Rb1 (14. Qxc6 $2 {is the wrong capture.} Rac8 $19) 14... Qxc3) 14. Qxe7 (14. Qxc6 $2 {loses.} Rfc8 $19) 14... Rfe8 15. Qa3 Qxa3 16. Bxa3 Ne4 17. Bb4 Bh6 (17... Bf8 {was called for.} 18. Rfe1 c5) 18. Rfe1 $18 Bd5 19. a3 {[%cal Oc3c4] Hoping for c4!} a5 (19... Nd2 $142) 20. Bxa5 Rb2 {[#]} 21. c4 $1 Nxf2 (21... Ra8 22. cxd5) 22. cxd5 cxd5 23. Reb1 Reb8 24. Bb4 Rxb1+ 25. Rxb1 Ne4 26. Bh3 Nc3 27. Re1 Ne4 28. e6 f5 29. Bf1 Bg7 30. Ba6 g5 31. e7 Kf7 32. Rc1 {[#] Ne5+ would now be deadly.} Bf6 33. Rc7 Rb6 34. Bb7 Nd6 35. Bxd5+ {Weighted Error Value: White=0.08 (flawless) /Black=0.51.  Mistake:       	White=1     	Black=4      Inaccurate:     	---       	Black=1      OK:         	White=7     	Black=4      Best:        	White=2     	---        Brilliant:      	White=1     	---} 1-0

[Event "Coimbra Queima Fitas Open 2024"]
[Site "Coimbra"]
[Date "2024.04.26"]
[Round "3.17"]
[White "Goncalves, Lucas Jordao"]
[Black "Ryabukhina, Veronika"]
[Result "1-0"]
[ECO "C05"]
[WhiteElo "1983"]
[BlackElo "1738"]
[Annotator "TA"]
[PlyCount "93"]
[EventDate "2024.04.23"]
[EventType "swiss"]
[EventCountry "POR"]
[SourceTitle "playchess.com"]
[Source "ChessBase"]
[SourceQuality "1"]
[TimeControl "5400+30"]

1. e4 e6 2. d4 d5 3. Nd2 Nf6 4. e5 Nfd7 5. Bd3 c5 6. c3 Nc6 7. Ne2 Be7 8. O-O O-O 9. Nf3 a6 10. Be3 c4 (10... cxd4 $14 11. cxd4 f6) 11. Bc2 $16 {[%emt 0:00:19] White is better.} Re8 12. Ng3 b5 13. h3 f6 (13... b4 $14) 14. exf6 Bxf6 15. Re1 Nf8 (15... g6 $16) 16. Bf4 Bb7 (16... Ng6 $16) 17. Ne5 (17. Nh5 $18) 17... Nxe5 18. Bxe5 Bxe5 19. dxe5 (19. Rxe5 $16 Re7 20. f4) 19... Qb6 20. Qg4 {[%emt 0:01:01] Hoping for Nh5.} Re7 21. Rad1 b4 22. Nh5 Kh8 23. Nf4 Rae8 24. Re3 {[%emt 0:01:44] White has more active pieces.} Rf7 25. Qh5 Kg8 26. Rf3 (26. Ne2 $14) 26... Ree7 $15 {[%emt 0:10:44] Threatens to win with ...bxc3.} 27. Rd4 (27. Kh2 $11) 27... bxc3 $1 $17 28. bxc3 {[%emt 0:00:15][%cal Oc2h7] And now Bxh7+! would win.} Rd7 $2 {[%emt 0:09:50][%mdl 8192] [#]} (28... Qb2 $17 {keeps the pressure on.} 29. Bd1 Bc6) 29. Kh2 $1 $18 g6 $2 (29... Qd8 30. Rg3 Qe8) 30. Qh6 $2 (30. Bxg6 Rg7 31. Nxd5) 30... Qd8 $2 (30... Qc7 {is a better defense.}) 31. h4 {[%emt 0:01:57] aiming for h5.} Rg7 32. Nh3 (32. h5 $142 {[%cal Rf4g6] Black must now prevent Nxg6!} Rdf7 33. Rg3 (33. hxg6 hxg6 34. Bxg6 Nxg6 $18) 33... Qh4+ 34. Rh3 Qxf2 35. hxg6 Qxc2 36. gxf7+ Kxf7 37. Qf6+ Kg8 38. Rh5 (38. Nxe6 $2 Qxg2#)) 32... Qc7 $2 (32... Rdf7 33. Rxf7 Rxf7) 33. Ng5 {[%emt 0:01:00][%cal Of3f8] Threatening mate with Rxf8+!} Qxe5+ 34. g3 Rd8 35. Rdf4 d4 {[%emt 0:00:38] [#]} 36. cxd4 $1 {[%emt 0:00:26] Rxf8+ would kill now.} Qd6 37. Be4 (37. Rf7 $142 Qxd4 38. Rxf8+ Rxf8 39. Rxf8+ (39. Nxe6 Rxf3 40. Nxd4 Rxf2+ 41. Kh3 Re7 $18) 39... Kxf8 40. Nxe6+ (40. Nxh7+ $2 Kg8 $19) 40... Kg8 41. Nxd4) 37... Bxe4 38. Nxe4 $2 (38. Rxe4 Rc8 $16) (38. Rf7 Qxd4 39. Rxf8+ Rxf8 40. Rxf8+ (40. Nxe6 $2 Qxf2+ 41. Rxf2 Rxf2+ 42. Kg1 Rgf7 $19) 40... Kxf8 41. Nxe6+ (41. Nxh7+ $2 Kg8 $19) 41... Ke8 42. Nxd4) 38... Qe7 39. Ng5 (39. h5 $18 {is more deadly.}) 39... Qd7 (39... Rc8 $16) 40. Rf7 $2 (40. Rxf8+ Rxf8 41. Rxf8+ Kxf8 42. Nxh7+ Ke7 43. Qg5+ (43. Qxg7+ Kd6 $18) 43... Ke8 44. Nf6+ Ke7 45. Nxd7+ Kxd7 46. Qf6) 40... Rxf7 41. Rxf7 Qxf7 42. Nxf7 Kxf7 {[%emt 0:00:05] KQ-KRN} 43. Qf4+ Ke8 44. Qe5 $2 (44. Qf3 $18 {Qc6+ would now be deadly.} Rd5 45. Qc3) 44... Rc8 $11 {[%emt 0:00:46] ...c3 is the strong threat.} 45. d5 c3 {[%emt 0:00:29] Strongly threatening ...c2.} 46. dxe6 $2 (46. Qg7 $11 {and White is okay.} exd5 (46... c2 47. d6) 47. Qe5+ Kd8 48. Qg5+ (48. Qxd5+ Ke8 $11) 48... Kc7 49. Qf4+ (49. Qxd5 c2 $11) 49... Kd7 50. Qf7+ Kd6 51. Qf4+ Kc6 52. Qa4+ Kb7 53. Qb4+ Ka8 54. Qd6) 46... c2 $19 47. e7 {[%emt 0:00:25][%mdl 32768] Weighted Error Value: White=0.99/Black=0.44.  Loses game:     	White=1     	Black=2      Missed win:     	White=1     	---        Mistake:       	White=7     	Black=7      Inaccurate:     	White=5     	Black=5      OK:         	White=5     	Black=8      Best:        	White=2     	Black=4      Strong:       	White=1     	Black=1     . Loss on time!?} 1-0

[Event "Coimbra Queima Fitas Open 2024"]
[Site "Coimbra"]
[Date "2024.04.26"]
[Round "3.18"]
[White "Serarols Mabras, Bernat"]
[Black "Tribuzi, Carlos Alberto Dias"]
[Result "1-0"]
[ECO "A13"]
[WhiteElo "2361"]
[BlackElo "1714"]
[Annotator "TA"]
[PlyCount "99"]
[EventDate "2024.04.23"]
[EventType "swiss"]
[EventCountry "POR"]
[SourceTitle "playchess.com"]
[Source "ChessBase"]
[SourceQuality "1"]
[TimeControl "5400+30"]

1. Nf3 e6 2. c4 d5 3. e3 Nf6 4. d4 c5 5. cxd5 exd5 6. Be2 Nc6 7. O-O Be7 8. b3 O-O 9. Bb2 Bg4 10. Nbd2 Rc8 11. h3 Bh5 {[%emt 0:01:04] The position is equal.} 12. Ne5 Bxe2 13. Qxe2 cxd4 14. Nxc6 Rxc6 15. Bxd4 Bc5 16. Nf3 Bxd4 17. Nxd4 Rc5 18. Qb2 Qc7 19. f3 (19. Rac1 $14 {should be considered.}) 19... Rc8 $11 20. Rfe1 a6 21. Rad1 Rc3 22. Qe2 h6 23. Rd3 Rc1 24. Red1 Rxd1+ 25. Rxd1 Qc3 26. Qe1 Qxe1+ 27. Rxe1 {[%emt 0:00:45][%mdl 4096] Endgame. KRN-KRN} g6 28. Rd1 Kf8 29. Kf2 h5 30. g4 hxg4 31. hxg4 Ke7 32. Rd2 Rc7 33. Ne2 Rd7 34. Kg3 Ne8 35. Nc3 Nc7 36. Na4 Rd6 37. Nc5 b6 38. Nd3 d4 39. e4 g5 40. e5 Rd7 41. Nb4 Ke6 42. Nc6 Rd5 43. f4 gxf4+ (43... Nb5 $11 {keeps the balance.}) 44. Kxf4 $16 f6 (44... d3 $14) 45. exf6 {[%emt 0:02:08] White is more active.} (45. Rxd4 $2 {too greedy.} fxe5+ 46. Ke4 exd4 $19) 45... Kxf6 46. Nxd4 (46. Rxd4 Ne6+ 47. Ke4 Rg5 $14) 46... Nb5 {[%emt 0:01:00] This move loses the game for Black.} (46... Ne6+ $16 47. Ke3 Re5+ 48. Kf2 Rd5) 47. Nf3 $18 Rxd2 (47... Nc3 $142) 48. Nxd2 Nc3 $2 {[%emt 0:00:13] [#]} (48... Ke6 $18 49. Kg5 Nd4) 49. Ne4+ Nxe4 50. Kxe4 {[%emt 0:00:01] Weighted Error Value: White=0.10 (very precise) /Black=0.35.  Mistake:       	White=1     	Black=5      Inaccurate:     	White=3     	Black=2      OK:         	White=9     	Black=16     Best:        	White=4     	---} 1-0

[Event "Coimbra Queima Fitas Open 2024"]
[Site "Coimbra"]
[Date "2024.04.27"]
[Round "4.1"]
[White "Novais, Carlos Joao Fernande"]
[Black "Sousa, Andre Ventura"]
[Result "1/2-1/2"]
[ECO "C47"]
[WhiteElo "2101"]
[BlackElo "2426"]
[Annotator "TA"]
[PlyCount "93"]
[EventDate "2024.04.23"]
[EventType "swiss"]
[EventCountry "POR"]
[SourceTitle "playchess.com"]
[Source "ChessBase"]
[SourceQuality "1"]
[TimeControl "5400+30"]

1. e4 e5 2. Nf3 Nc6 3. Nc3 Nf6 4. Be2 d6 5. d4 Be7 6. dxe5 Nxe5 7. Bf4 Ng6 8. Bg3 Nh5 9. Nd5 O-O 10. Nd4 Nxg3 11. hxg3 c6 12. Nxe7+ Qxe7 13. Qd2 (13. f3 $11) 13... Qxe4 $15 14. O-O-O Qd5 (14... Qxg2 $2 15. Bf3 $18) (14... Qe7 $15) 15. Rh5 f5 (15... Qxa2 $2 16. Ra5 $18) (15... Qxg2 $2 16. Bf3 $18) 16. Qg5 (16. g4 $11 {keeps the balance.} Qxa2 17. c4) 16... Qxa2 $17 17. Nb3 {[#] Repels Qa1+} Rf6 18. Rdh1 Nf8 19. Rxh7 $2 (19. g4) 19... Nxh7 $19 20. Qh5 Rh6 (20... Nf8 $19 21. Qh8+ Kf7) 21. Qe8+ $15 Nf8 22. Rxh6 gxh6 23. Bh5 {[#]} (23. Bc4+ $1 $15 d5 24. Be2) 23... Be6 $1 $17 24. Qxa8 Bxb3 25. cxb3 Qxb3 26. Qxa7 {[%mdl 4096] Endgame. KQB-KQN} b5 (26... f4 $17 27. Bd1 (27. gxf4 Qc4+ 28. Kb1 Qe4+ 29. Kc1 Qxf4+ 30. Kd1 Qe4 $17) 27... Qc4+ 28. Kb1 Qf1) 27. Qd4 Qe6 28. Bf3 d5 29. g4 Ng6 30. gxf5 Qxf5 31. Bg4 Qe5 32. Qd2 Qg5 (32... Qe4 $17 33. Bd1 Qxg2 34. Qxh6 Qe4) 33. Bd7 $11 Qxd2+ (33... Qxg2 $17 {aiming for ...Ne5.} 34. Bxc6 Qf1+ 35. Kc2 Qc4+ 36. Qc3 Ne7) 34. Kxd2 $17 {KB-KN} Ne5 35. Be6+ Kf8 36. f4 ({White has to play} 36. b4 $1 $15) 36... Ke7 $19 37. Bh3 ({But not} 37. Bxd5 $2 cxd5 38. fxe5 Ke6 $19) 37... Nc4+ 38. Kc3 {[#]} c5 (38... h5 $1 $19 {[%cal Rh5h4] ...h4 is the strong threat.} 39. b3 Nd6) 39. b4 $17 Kd6 (39... d4+ $17 40. Kd3 Nb2+ (40... cxb4 41. Kxd4 b3 42. Kc3 $11) 41. Kc2 Na4) 40. g4 d4+ 41. Kd3 $2 (41. Kb3 $15) 41... Ne3 $2 ({Black should play} 41... cxb4 $19 {Threatens to win with ...b3.} 42. Kxd4 b3) 42. g5 $11 {The position is equal.} hxg5 43. fxg5 Nd5 44. bxc5+ Kxc5 45. Ke4 {Inhibits Nf4.} d3 46. Kxd3 Kd6 47. Kd4 {Weighted Error Value: White=0.46/Black=0.41.  Loses game:     	White=1     	---        Missed win:     	---       	Black=1      Mistake:       	White=5     	Black=6      Inaccurate:     	White=3     	---        OK:         	White=14    	Black=17     Best:        	White=2     	Black=2      Strong:       	---       	Black=1} 1/2-1/2

[Event "Coimbra Queima Fitas Open 2024"]
[Site "Coimbra"]
[Date "2024.04.27"]
[Round "4.2"]
[White "Veiga, Jose Francisco R P N"]
[Black "Simoes, Miguel Caldeira"]
[Result "1/2-1/2"]
[ECO "C50"]
[WhiteElo "2378"]
[BlackElo "2084"]
[Annotator "TA"]
[PlyCount "125"]
[EventDate "2024.04.23"]
[EventType "swiss"]
[EventCountry "POR"]
[SourceTitle "playchess.com"]
[Source "ChessBase"]
[SourceQuality "1"]
[TimeControl "5400+30"]

1. e4 e5 2. Nf3 Nc6 3. Bc4 Bc5 4. O-O Nf6 5. d3 h6 6. c3 Bb6 7. a4 d6 8. Nbd2 O-O 9. h3 a5 10. Re1 Be6 11. Bxe6 fxe6 12. Nc4 Bc5 13. Be3 Bxe3 14. Rxe3 Qe8 15. Qb3 b6 16. Qb5 Nh5 17. Rf1 Nf4 18. Kh2 g5 19. g3 Ng6 20. Kg2 Rd8 21. d4 exd4 22. cxd4 Nb4 23. Qxe8 Rdxe8 24. Rc1 Rf7 25. Na3 Ref8 26. Nb5 Na6 27. Rc2 e5 28. d5 Nc5 29. Ne1 h5 30. Nf3 g4 31. hxg4 hxg4 32. Nh2 Rg7 $1 33. Rc4 Nh8 (33... Kh7 $5) 34. Re2 Kh7 35. b4 axb4 (35... Nxa4 $2 {loses.} 36. Ra2 (36. Nxc7 Rc8 $18) (36. Rxc7 Rxc7 37. Nxc7 axb4 $11) 36... Nc5 37. bxc5 dxc5 38. Rc1 $18) 36. Rxb4 Kh6 37. Ra2 Kh5 38. Nc3 {[%emt 0:02:21] [#]} (38. Rc4 $15) 38... Rgf7 (38... Nf7 $1 $17 {...Ng5 is the strong threat.} 39. Nd1 (39. a5 bxa5 40. Rxa5 Ng5 $17) 39... Ng5) 39. Rb1 (39. Rc4 {simplifies} Rd7 40. a5 bxa5 41. Rxa5 Nf7 42. Nd1) 39... Ng6 40. Re2 Kg5 {[%emt 0:01:13] Black wants to play ...Nd3.} 41. Rf1 Nb3 42. f3 Nd4 43. Ref2 gxf3+ 44. Nxf3+ Nxf3 45. Rxf3 Rxf3 46. Rxf3 Rxf3 47. Kxf3 $11 {[%emt 0:00:02][%mdl 4096] [#] Endgame. aiming for Nb5. KN-KN} Ne7 $1 48. Nb5 c6 49. dxc6 ({Weaker is} 49. Nxd6 cxd5 50. g4 Kf6 $14) 49... Nxc6 50. Nxd6 Kf6 $2 (50... Nb8 51. Kg2 Nd7) 51. Ke3 $18 Nd4 52. Nc8 b5 53. a5 {[%emt 0:00:01] Strongly threatening a6.} b4 54. Kd3 $2 (54. Nd6 $18) 54... Nb3 $11 {[%emt 0:00:18] The position is equal.} 55. Kc4 (55. a6 $5 Nc5+ $8 56. Kc4 Nxa6 57. Nb6 $11) 55... Nxa5+ 56. Kxb4 Nc6+ 57. Kc5 Nd4 58. Nb6 Ne2 59. g4 Kg5 60. Nd7 Kxg4 61. Kd5 Nc3+ 62. Kxe5 Nxe4 63. Kxe4 {[%emt 0:00:04] White really could win this.   Weighted Error Value: White=0.18 (very precise) /Black=0.11 (very precise) .  Mistake:       	White=1     	Black=2      Inaccurate:     	White=4     	Black=2      OK:         	White=18    	Black=25     Best:        	White=2     	Black=1      Strong:       	---       	Black=2} 1/2-1/2